 Dungeon Crawl Stone Soup version 0.29.1-2-gbd0b4ee654 (webtiles) character file.

Game seed: 8744466604448218743

15746 bullfish the Warrior (level 12, 0/102 HPs)
             Began as a Djinni Ice Elementalist on Nov 17, 2022.
             Was a Priest of Ashenzari.
             Slain by a minotaur
             ... wielding the +10 great mace "Muampew" {vorpal, rElec rCorr MP+9 Str+4}
              (4 damage)
             ... in a Gauntlet.
             The game lasted 01:29:54 (19661 turns).

bullfish the Warrior (Djinni Ice Elementalist)     Turns: 19661, Time: 01:29:56

Health: 0/102      AC:  5    Str:  7    XL:     12   Next: 61%
Gold:   408        EV: 19    Int: 22    God:    Ashenzari [***...] SH:  0 Dex: 14

rFire   + + .      SeeInvis +   E - +2 flail of Curses and Power {venom, Evo, Cun} (curse)
rCold   + + .      Faith    .   (no shield)
rNeg    . . .      Spirit   .   J - +1 robe of Curses and Power {Will+, Fort, Cun} (curse)
rPois   ∞          Reflect  .   m - +0 helmet "Unveiling Urgency" {Fort, Evo} (curse)
rElec   .          Harm     .   o - scarf of Desmomancy {rC+ rF+, Fort, Range} (curse)
rCorr   .          Rampage  .   A - +0 pair of gloves "Chained Together" {Fort, Cun} (curse)
Will    ++...      Clarity  +   (boots unavailable)
Stlth   ++........ NoTele   +   (no amulet)
HPRegen 0.27/turn               j - ring of ice
MPRegen 0.00/turn               s - ring of protection from cold

@: flying, studying Fighting
A: sickness immunity, fire resistance 2, cold vulnerability 1, float, innate
caster, HP casting, extra vitality 1
a: Renounce Religion, Curse Item, Shatter the Chains


You were in a Gauntlet.
You worshipped Ashenzari.
Ashenzari was most pleased with you.
You visited 3 branches of the dungeon, and saw 14 of its levels.
You also visited: Gauntlet.

You collected 496 gold pieces.
You spent 88 gold pieces at shops.

Inventory:

Hand Weapons
 a - a +3 dagger of freezing
 d - a +1 dagger of venom
 E - the cursed +2 flail of Curses and Power (weapon) {venom, Evo, Cun}
   (You took it off an orc warrior on level 7 of the Dungeon)

   It poisons the flesh of those it strikes.
   It has a curse which improves the following skills: Evocations: Evocations.
   Cunning:   Dodging and Stealth.
 I - a +5 long sword
 K - a +5 long sword
 Q - a +1 rapier of speed
 U - a +4 short sword of draining
Armour
 m - the cursed +0 helmet "Unveiling Urgency" (worn) {Fort, Evo}
   (You found it on level 4 of the Dungeon)

   It has a curse which improves the following skills: Fortitude: Armour and
   Shields.
   Evocations: Evocations.
 n - a +2 cloak
 o - the cursed scarf of Desmomancy (worn) {rC+ rF+, Fort, Range}
   (You found it on level 4 of the Dungeon)

   It has a curse which improves the following skills: Fortitude: Armour and
   Shields.
   Ranged Combat: Ranged Weapons and Throwing.
 A - the cursed +0 pair of gloves "Chained Together" (worn) {Fort, Cun}
   (You found it on level 6 of the Dungeon)

   It has a curse which improves the following skills: Fortitude: Armour and
   Shields.
   Cunning:   Dodging and Stealth.
 J - the cursed +1 robe of Curses and Power (worn) {Will+, Fort, Cun}
   (You took it off a wight on level 8 of the Dungeon)

   It has a curse which improves the following skills: Fortitude: Armour and
   Shields.
   Cunning:   Dodging and Stealth.
 V - the +1 pair of gloves "Xusiph" {Str+3}
   (You found it in a Gauntlet)

   Str:       It affects your strength (+3).
Magical Staves
 G - a staff of earth
 N - a staff of cold
Jewellery
 j - a ring of ice (left hand)
 s - a ring of protection from cold (right hand)
 w - a +6 ring of dexterity
Wands
 r - a wand of polymorph (9)
 y - a wand of paralysis (2)
 B - a wand of flame (23)
 F - a wand of light (8)
 M - a wand of iceblast (8)
Scrolls
 c - 2 scrolls of butterflies
 e - 6 scrolls of teleportation
 g - 4 scrolls of amnesia
 p - 5 scrolls of enchant armour
 t - 5 scrolls of fear
 u - a scroll of enchant weapon
 x - a scroll of torment
 C - a scroll of vulnerability
 L - 9 scrolls of identify
 R - a scroll of magic mapping
 S - a scroll of silence
 T - a scroll of summoning
Potions
 b - 2 potions of flight
 f - 3 potions of lignification
 h - 4 potions of attraction
 i - 4 potions of degeneration
 k - 3 potions of mutation
 l - 3 potions of heal wounds
 v - 2 potions of curing
 z - 2 potions of might
 D - a potion of berserk rage
 H - a potion of haste
 P - 2 potions of cancellation
Miscellaneous
 O - a tin of tremorstones (2/2)


   Skills:
 * Level 15.1 Fighting
 - Level 2.9 Short Blades
 - Level 0.7 Maces & Flails
 * Level 10.9(14.1) Dodging
 - Level 1.5(3.6) Stealth
 * Level 9.9 Spellcasting


You had 6 spell levels left.
You knew the following spells:

 Your Spells              Type           Power      Damage    Failure   Level
a - Freeze                Ice            100%       1d11      1%          1
b - Frozen Ramparts       Ice            100%       1d16      1%          3
c - Ozocubu's Armour      Ice            69%        N/A       1%          3
d - Hailstorm             Conj/Ice       69%        3d14      1%          4
e - Foxfire               Conj/Fire      100%       2x1d9     1%          1
f - Searing Ray           Conj           100%       2d8       1%          2
g - Wereblood             Tmut           53%        N/A       1%          2
h - Sticky Flame          Conj/Fire      53%        2d7       1%          4
i - Cause Fear            Hex            26%        N/A       1%          4
Your spell library was empty.

Dungeon Overview and Level Annotations

Branches:
Dungeon (12/15)            Temple (1/1) D:5            Lair (0/5) D:9
    Orc (1/2) D:9         Gauntlet (1/1)

Altars:
Ashenzari
Cheibriados
Dithmenos
Elyvilon
Fedhas
Gozag
Hepliaklqana
Makhleb
Nemelex Xobeh
Okawaru
Qazlal
Ru
Trog
Uskayaw
Wu Jian
Xom
Yredelemnul
Zin
The Shining One

Shops:
D:3 ?   D:5 *

Annotations:
D:2 1 runed translucent door, Crazy Yiuf
D:10 5 exclusions Gauntlet 6 transporters, 14 runed translucent doors, exclusion: oklob plant


Innate Abilities, Weirdness & Mutations

You are immune to sickness and miasma.
You are immune to poison.
Your flesh is very heat resistant. (rF++)
You are vulnerable to cold. (rC-)
You float through the air rather than walking.
You learn spells naturally, not from books.
Your magical power is your life essence.
You have superior vitality. (+4 MHP)


Message History

Aiming: Sticky Flame (mildly dangerous; 1% risk of failure)
Press: ? - help, Shift-Dir - straight line, f/p - minotaur
Aim: a minotaur, wielding the +10 great mace "Muampew" {vorpal, rElec rCorr MP+9 Str+4}, wearing a +0 plate armour, wearing a +6 ring of strength and quivering javelins (lightly wounded, 100% to hit)
The sticky flame hits the minotaur!
The minotaur is lightly wounded.
The minotaur is covered in liquid flames!
The minotaur burns!
The wall freezes the minotaur but does no damage.
The minotaur hits you with the +10 great mace "Muampew" {vorpal, rElec rCorr MP+9 Str+4}!!
The minotaur closely misses you.
Casting: Sticky Flame (mildly dangerous; 1% risk of failure)
Confirm with . or Enter, or press ? or * to list all spells.
Casting: Cause Fear (mildly dangerous; 1% risk of failure)
Press: ? - help, Dir - look around, f - activate The minotaur resists with almost no effort.
The minotaur burns!
The wall freezes the minotaur!
The minotaur hits you with the +10 great mace "Muampew" {vorpal, rElec rCorr MP+9 Str+4}!!
* * * LOW HITPOINT WARNING * * *
x2 The minotaur closely misses you.
Okay, then.
Blink to where?
Press: ? - help, Dir - move target Your icy armour and frozen ramparts will break if you move.
Continue?
Your icy armour cracks and falls away as you move.
The frozen ramparts melt away as you move.
As you read the scroll of blinking, it crumbles to dust.
You feel much better.
The minotaur burns!
The minotaur stops burning.
Casting: Cause Fear (mildly dangerous; 1% risk of failure)
Confirm with . or Enter, or press ? or * to list all spells.
Aiming: Sticky Flame (mildly dangerous; 1% risk of failure)
Press: ? - help, Shift-Dir - straight line, f - minotaur
Aim: a minotaur, wielding the +10 great mace "Muampew" {vorpal, rElec rCorr MP+9 Str+4}, wearing a +0 plate armour, wearing a +6 ring of strength and quivering javelins (heavily wounded, 100% to hit)
The sticky flame hits the minotaur!
The minotaur is heavily wounded.
The minotaur is covered in liquid flames!
The minotaur burns!
The minotaur hits you with the +10 great mace "Muampew" {vorpal, rElec rCorr MP+9 Str+4}!!!
* * * LOW HITPOINT WARNING * * *
x2 The minotaur gores you.
You die...

.... #######{#######
#.............# #.###.###.###.#
#.###.###.###.# #.............#
###.###.###.###
#####.###.###.#####
#≈.........H@....≈# ##
#8.8.8..©.©..8.8.8# ### #8#
#≈...............≈# #8#
#############################
§..........§≈§≈............≈###
§..........§§...............#8#
.###########...###########..###
.#..$?©...Y#...#t.$[©$...#..#
.#.........#...#..##.##..#..###


You could see a dire elephant, a minotaur (burning) and an apocalypse crab.

Vanquished Creatures
  6 two-headed ogres
  A wizard (Gauntlet)
  A cyclops (D:11)
  An elephant (Gauntlet)
  A smoke demon (Gauntlet)
  A red devil (Gauntlet)
  3 trolls
  2 hornets
  A wraith (D:11)
  4 wyverns (D:9)
  A vampire (D:8)
  2 water elementals (D:11)
  16 yaks
  2 vampire mosquitoes (D:11)
  6 water moccasins
  8 orc warriors
  2 sky beasts
  2 ice beasts
  5 black bears
  A centaur (D:7)
  2 phantoms (D:6)
  2 bullfrogs
  4 kobold brigands
  A gnoll sergeant (D:11)
  2 scorpions
  9 wights
  3 killer bees
  9 howler monkeys
  8 electric eels
  2 crimson imps (Gauntlet)
  4 jellies
  10 orc priests
  7 hounds
  A gnoll bouda (D:7)
  9 iguanas
  Natasha (thrice) (D:2)
  8 orc wizards
  5 gnolls (D:11)
  4 adders
  3 shadow imps
  5 white imps
  2 ufetubi
  A worm (D:2)
  34 orcs
  5 ball pythons
  4 bats
  7 endoplasms
  5 giant cockroaches
  5 goblins
  6 hobgoblins
  7 jackals (D:2)
  8 quokkas
  4 frilled lizards
  15 kobolds
  7 rats
277 creatures vanquished.

Vanquished Creatures (others)
  A centaur (D:9)
  124 foxfires
  3 fungi
  30 plants
158 creatures vanquished.

Grand Total: 435 creatures vanquished

Notes
Turn   | Place    | Note
-------+----------+-------------------------------------------
     0 | D:1      | bullfish the Djinni Ice Elementalist began the quest for
                  | the Orb.
     0 | D:1      | bullfish set off with the following spells memorised:
                  | Freeze, Frozen Ramparts, Ozocubu's Armour, Hailstorm.
     0 | D:1      | Reached XP level 1. HP: 15/15 MP: 0/0
   373 | D:1      | Reached skill level 1 in Fighting
   373 | D:1      | Reached XP level 2. HP: 21/22 MP: 0/0
   975 | D:1      | Reached XP level 3. HP: 25/27 MP: 0/0
   975 | D:1      | Learned a level 1 spell: Foxfire
  1002 | D:1      | Found a faded altar of an unknown god.
  1447 | D:2      | Reached skill level 2 in Fighting
  1701 | D:2      | Found a runed translucent door.
  1702 | D:2      | Noticed Crazy Yiuf
  1757 | D:2      | Reached XP level 4. HP: 30/33 MP: 0/0
  1895 | D:2      | Noticed Natasha
  1904 | D:2      | Killed Natasha
  1947 | D:2      | Found a shimmering altar of Xom.
  1949 | D:2      | Noticed Natasha
  1957 | D:2      | Killed Natasha
  1958 | D:2      | Reached XP level 5. HP: 30/40 MP: 0/0
  1958 | D:2      | Learned a level 2 spell: Searing Ray
  2044 | D:2      | Noticed Natasha
  2051 | D:2      | Killed Natasha
  2052 | D:2      | Reached skill level 3 in Fighting
  2486 | D:3      | Noticed a black bear
  2491 | D:3      | Killed a black bear
  2492 | D:3      | Reached XP level 6. HP: 39/47 MP: 0/0
  2804 | D:3      | Found Veuteal's Magic Scroll Shoppe.
  2812 | D:3      | Bought a scroll of identify for 22 gold pieces
  2812 | D:3      | Bought a scroll of identify for 22 gold pieces
  2812 | D:3      | Bought a scroll of identify for 22 gold pieces
  2812 | D:3      | Bought a scroll of identify for 22 gold pieces
  2845 | D:3      | Found an iron altar of Okawaru.
  2939 | D:4      | Noticed a black bear
  2946 | D:4      | Killed a black bear
  2947 | D:4      | Reached skill level 4 in Fighting
  3001 | D:4      | Reached XP level 7. HP: 42/53 MP: 0/0
  3001 | D:4      | Learned a level 2 spell: Wereblood
  3114 | D:4      | Reached skill level 5 in Spellcasting
  3325 | D:4      | Reached skill level 5 in Fighting
  4194 | D:4      | Reached XP level 8. HP: 55/60 MP: 0/0
  4494 | D:5      | Entered Level 5 of the Dungeon
  4729 | D:5      | Found Fumaly's Fire Supplies.
  4758 | D:5      | Found a hide-covered altar of Uskayaw.
  4943 | D:5      | Reached skill level 5 in Dodging
  5371 | D:5      | Found a staircase to the Ecumenical Temple.
  5375 | Temple   | Entered the Ecumenical Temple
  5375 | Temple   | Found a transporter.
  5375 | Temple   | Found a transporter.
  5377 | Temple   | Found a transporter.
  5377 | Temple   | Found a transporter.
  5413 | Temple   | Became a worshipper of Ashenzari the Shackled
  6213 | D:6      | Reached XP level 9. HP: 62/65 MP: 0/0
  6213 | D:6      | Learned a level 4 spell: Sticky Flame
  6565 | D:6      | Reached skill level 1 in Short Blades
  6986 | D:7      | Reached skill level 6 in Fighting
  7303 | D:7      | Reached * piety under Ashenzari
  8342 | D:8      | Reached skill level 7 in Fighting
  8563 | D:8      | Reached XP level 10. HP: 33/77 MP: 0/0
  8902 | D:8      | Reached skill level 8 in Fighting
  9331 | D:8      | Found a glowing golden altar of the Shining One.
  9386 | D:8      | Reached skill level 9 in Fighting
 10035 | D:9      | Found a staircase to the Orcish Mines.
 10054 | D:9      | Reached skill level 10 in Fighting
 10141 | Orc:1    | Entered Level 1 of the Orcish Mines
 10542 | D:9      | Noticed a two-headed ogre
 10553 | D:9      | Killed a two-headed ogre
 10554 | D:9      | Reached skill level 11 in Fighting
 10925 | D:9      | Reached XP level 11. HP: 20/88 MP: 0/0
 10925 | D:9      | Learned a level 4 spell: Cause Fear
 11211 | D:9      | Found a sparkling altar of Nemelex Xobeh.
 11307 | D:9      | Reached skill level 12 in Fighting
 11463 | D:9      | Found a staircase to the Lair.
 11509 | D:9      | Noticed a two-headed ogre
 12149 | D:9      | Noticed a two-headed ogre
 12162 | D:9      | Killed a two-headed ogre
 12789 | D:9      | Killed a two-headed ogre
 12790 | D:9      | Reached skill level 13 in Fighting
 13255 | D:9      | Found a shimmering altar of Xom.
 13273 | D:9      | Noticed a two-headed ogre
 13287 | D:10     | Entered Level 10 of the Dungeon
 13811 | D:10     | Reached ** piety under Ashenzari
 14114 | D:10     | Noticed a two-headed ogre
 14140 | D:10     | Identified Sif Muna's Spellbook of the Supportive Iceberg
 14486 | D:9      | Killed a two-headed ogre
 14487 | D:9      | Reached XP level 12. HP: 52/99 MP: 0/0
 14882 | D:9      | Reached skill level 14 in Fighting
 15415 | D:10     | Killed a two-headed ogre
 15416 | D:10     | Reached skill level 10 in Dodging
 15436 | D:10     | HP: 1/100 [electric eel/bolt of electricity (10)]
 15982 | D:11     | Noticed a two-headed ogre
 15995 | D:11     | Killed a two-headed ogre
 16245 | D:11     | Reached *** piety under Ashenzari
 18649 | D:12     | Found the +3 giant club "Skullcrusher" {speed, Str+7}
 18697 | D:12     | Found a gate leading to a gauntlet.
 18708 | Gauntlet | Entered a Gauntlet
 18708 | Gauntlet | Found a transporter.
 18708 | Gauntlet | Found a transporter.
 18835 | Gauntlet | Found a transporter.
 18835 | Gauntlet | Found a transporter.
 18836 | Gauntlet | Found a transporter.
 18841 | Gauntlet | Found a transporter.
 18845 | Gauntlet | Found a transporter.
 18846 | Gauntlet | Found a transporter.
 18849 | Gauntlet | Found a transporter.
 18849 | Gauntlet | Found a transporter.
 18851 | Gauntlet | Found a large runed translucent door.
 18852 | Gauntlet | Found a large runed translucent door.
 18853 | Gauntlet | Found a large runed translucent door.
 18853 | Gauntlet | Found a large runed translucent door.
 18853 | Gauntlet | Found a runed translucent door.
 18854 | Gauntlet | Found a large runed translucent door.
 18855 | Gauntlet | Found a large runed translucent door.
 18856 | Gauntlet | Found a large runed translucent door.
 18856 | Gauntlet | Found a large runed translucent door.
 18857 | Gauntlet | Found a runed translucent gate.
 18859 | Gauntlet | Found a transporter.
 18859 | Gauntlet | Noticed a dire elephant
 18859 | Gauntlet | Identified the +2 helmet of Undesirable Species {rElec
                  | rC+++ Will+ Stlth-}
 18859 | Gauntlet | Identified the +1 pair of gloves "Xusiph" {Str+3}
 18966 | Gauntlet | Found a large runed translucent door.
 18967 | Gauntlet | Found a large runed translucent door.
 18968 | Gauntlet | Found a large runed translucent door.
 18968 | Gauntlet | Found a large runed translucent door.
 18968 | Gauntlet | Found a runed translucent door.
 18969 | Gauntlet | Found a large runed translucent door.
 18970 | Gauntlet | Found a large runed translucent door.
 18971 | Gauntlet | Found a large runed translucent door.
 18971 | Gauntlet | Found a large runed translucent door.
 18972 | Gauntlet | Found a runed translucent gate.
 18972 | Gauntlet | Found a runed translucent gate.
 18974 | Gauntlet | Found a transporter.
 19211 | Gauntlet | Reached skill level 15 in Fighting
 19644 | Gauntlet | Identified the +10 great mace "Muampew" {vorpal, rElec
                  | rCorr MP+9 Str+4}
 19644 | Gauntlet | Noticed a minotaur
 19661 | Gauntlet | HP: 4/102 [minotaur/the +10 great mace "Muampew" {vorpal,
                  | rElec rCorr MP+9 Str+4} (2)]
 19661 | Gauntlet | Slain by a minotaur

Illustrated notes

Levels and vault maps discovered:
D:1:      dpeg_arrival_leaves_temple_mockup, layout_rooms,
          shapermc_ecumenical_altar_mp_highgroup
D:2:      layout_rooms, basic_altar, uniq_natasha, uniq_crazy_yiuf_cottage
D:3:      layout_rooms, mainiacjoe_overflow_six_doors_small, serial_shops, shop
D:4:      layout_basic, kennysheep_generic_room_7
D:5:      layout_basic, kennysheep_mini_moat, minmay_temple_entry_glassed_door,
          chequers_garden, nicolae_shop_fire_sale [nicolae_sub_dead_trees]
D:6:      layout_gridville
D:7:      layout_basic, hangedman_decor_growths, minmay_manual_mullet
D:8:      layout_rooms, tso_metal_star, minmay_liquid_box, st_stairs_1,
          nzn_life_drinkers
D:9:      layout_irregular_city, xom_confusion_cloud, marbit_many_paths,
          minmay_lair_entry_grove, orc_0_dummy, hangedman_decor_diamond_cutter
D:10:     layout_basic, minmay_orc_keep
D:11:     layout_basic
D:12:     minmay_the_grid_3x3 [minmay_the_grid_small_cups,
          minmay_the_grid_all_tris, minmay_the_grid_armoury,
          minmay_the_grid_fan, minmay_the_grid_doors,
          minmay_the_grid_minigrid_small, minmay_the_grid_gridbox,
          minmay_the_grid_plusring, minmay_the_grid_prize_four_corners],
          layout_irregular_city, gauntlet_entry_generic, onia_ninara_cookie,
          uniq_frances
Temple:   hellmonk_temple_divided_pantheon
Orc:1:    layout_diamond_mine, guppyfry_library_mini
Gauntlet: gammafunk_gauntlet_hard_choice [gammafunk_gauntlet_arena_spirals,
          gammafunk_gauntlet_arena_split_x, gammafunk_gauntlet_arena_hedges,
          nicolae_gauntlet_arena_t_cross, nicolae_gauntlet_arena_quarters,
          minmay_gauntlet_arena_make_your_own_arena, gauntlet_exit_watery]

Skill      XL: |  1  2  3  4  5  6  7  8  9 10 11 12 |
---------------+-------------------------------------+-----
Fighting       | 1 2 3 4 5 7 11 13 15 | 15.1
Spellcasting   | 4 5 6 8 9 |  9.9
Dodging        | 7 8 9 10 | 10.9
Short Blades   | 2 |  2.9
Maces & Flails | |  0.7
Stealth        | |  1.5

Action                   |  1- 3 |  4- 6 |  7- 9 | 10-12 || total
-------------------------+-------+-------+-------+-------++-------
Melee: Dagger            |     3 |     4 |     6 |       ||    13
       Flail             |       |       |       |    91 ||    91
       Punch             |       |       |       |     1 ||     1
 Cast: Freeze            |    35 |     6 |    32 |    35 ||   108
       Foxfire           |    17 |       |    47 |     5 ||    69
       Frozen Ramparts   |     3 |     7 |    24 |    23 ||    57
       Ozocubu's Armour  |     1 |       |     9 |    27 ||    37
       Searing Ray       |       |     9 |    36 |    24 ||    69
       Wereblood         |       |       |     1 |       ||     1
       Sticky Flame      |       |       |    15 |   100 ||   115
       Cause Fear        |       |       |       |    20 ||    20
Invok: Curse Item        |       |       |     2 |     4 ||     6
       Shatter the Chain |       |       |       |     1 ||     1
  Use: Scroll            |       |     7 |       |     5 ||    12
       Potion            |       |       |       |     1 ||     1
 Stab: Sleeping          |       |     1 |       |       ||     1
Armor: Robe              |    10 |       |    15 |    34 ||    59
Dodge: Dodged            |    18 |    13 |    36 |   269 ||   336
